 Dungeon Crawl Stone Soup version 0.15.2 (webtiles) character file.

100746 ImaNewbie the Severer (level 16, -3/139 HPs)
             Began as a Hill Orc Fighter on Mar 22, 2015.
             Was the Champion of Beogh.
             Slain by the 27-headed Lernaean hydra (5 damage)
             ... on Level 5 of the Swamp on Mar 23, 2015.
             The game lasted 04:54:33 (30047 turns).

ImaNewbie the Severer (Hill Orc Fighter)           Turns: 30047, Time: 04:54:37

HP  -3/139       AC 22     Str 30      XL: 16   Next: 28%
MP  26/26        EV 10     Int 16      God: Beogh [******]
Gold 1252        SH 17     Dex 15      Spells:  0 memorised, 15 levels left

rFire  + + .     SeeInvis .     a - +9 broad axe of Gallantry {pain, *Rage Dex+2}
rCold  + + .     Clarity  +     D - +3 scale mail "Tureyger" {Str+4}
rNeg   . . .     rCorr    .     c - +1 shield
rPois  +         rRot     .     (helmet restricted)
rElec  +         Spirit   .     m - +0 cloak
SustAb .         Warding  .     X - +2 pair of gloves
rMut   .         Stasis   .     Q - +0 pair of boots
Gourm  .                        s - amulet of clarity
MR     +....                    z - ring "Xamo" {+Blink +Rage rF++ rC+ Dex+3 Int+3}
                                o - ring "Skuenota" {rElec rPois rC+ Int+3}

@: about to teleport, somewhat resistant to hostile enchantments, extremely
unstealthy
A: walk on water, horns 1, clever 1
a: Smiting, Recall Orcish Followers, Give Item to Named Follower, Renounce
Religion, Evoke Blink, Evoke Berserk Rage


You were on level 5 of the Swamp.
You worshipped Beogh.
Beogh was exalted by your worship.
You were not hungry.

You visited 4 branches of the dungeon, and saw 26 of its levels.
You also visited: Labyrinth, Trove, Ice Cave and Volcano.

You collected 2617 gold pieces.
You spent 1365 gold pieces at shops.

Inventory:

Hand weapons
 a - the +9 broad axe of Gallantry (weapon) {pain, *Rage Dex+2}
   (You acquired it on level 9 of the Dungeon)

   In the hands of one skilled in necromantic magic, it inflicts extra damage on
   living creatures.
   It affects your dexterity (+2).
   It may make you go berserk in combat.
 b - a +0 blowgun
 k - the +4 spear "Ghaontuom" {freeze, rF+, unknown}
   (You found it in an ice cave)

   It has been specially enchanted to freeze those struck by it, causing extra
   injury to most foes and up to double damage against particularly susceptible
   opponents.
   It can also slow down cold-blooded creatures.
   It protects you from fire.
 K - a +1 broad axe of holy wrath
Missiles
 x - 6 needles of sleeping
 I - 43 poisoned needles
 R - 6 curare-tipped needles
Armour
 c - a +1 shield (worn)
 m - a +0 cloak (worn)
 D - the +3 scale mail "Tureyger" (worn) {Str+4}
   (You bought it in a shop on level 5 of the Dungeon)

   It affects your strength (+4).
 F - a +1 ring mail of fire resistance
 H - a +4 ring mail of cold resistance
 Q - a +0 pair of boots (worn)
 X - a +2 pair of gloves (worn)
Magical devices
 q - a wand of paralysis (9)
 y - a wand of polymorph (15)
 C - a wand of fire (7)
 E - a wand of disintegration (16)
 P - a wand of digging (9) {unknown}
 Y - a wand of slowing (10)
Comestibles
 d - 17 meat rations
 i - 4 slices of pizza
 p - 2 rotting chunks of swamp worm flesh
 t - 7 bread rations
 A - 7 beef jerkies
 J - 72 fruits
 O - 7 rotting chunks of hydra flesh
Scrolls
 f - 14 scrolls of identify
 g - 11 scrolls of remove curse
 h - 2 scrolls of enchant armour
 l - 7 scrolls of enchant weapon
 n - 5 scrolls of fog
 u - 4 scrolls of magic mapping
 v - 5 scrolls of recharging
 w - 13 scrolls of teleportation
 M - 2 scrolls of summoning
 N - a scroll of holy word
 S - 3 scrolls of fear
Jewellery
 o - the ring "Skuenota" (left hand) {rElec rPois rC+ Int+3}
   (You bought it in a shop on level 10 of the Dungeon)

   [ring of intelligence]

   It affects your intelligence (+3).
   It protects you from cold.
   It insulates you from electricity.
   It protects you from poison.
 s - an amulet of clarity (around neck)
 z - the ring "Xamo" (right hand) {+Blink +Rage rF++ rC+ Dex+3 Int+3}
   (You bought it in a shop on level 5 of the Dungeon)

   [ring of intelligence]

   It affects your intelligence (+3).
   It affects your dexterity (+3).
   It greatly protects you from fire.
   It protects you from cold.
   It lets you blink.
   It lets you go berserk.
 G - an uncursed amulet of resist mutation
 L - an uncursed ring of see invisible
 T - the ring "Vuch" {Str+4 Dex+3 Int+4}
   (You found it on level 5 of the Lair of Beasts)

   [ring of dexterity]

   It affects your strength (+4).
   It affects your intelligence (+4).
   It affects your dexterity (+3).
 U - an uncursed ring of poison resistance
Potions
 e - 4 potions of might
 j - 3 potions of resistance
 r - a potion of restore abilities
 B - 8 potions of curing
 V - 3 potions of heal wounds
 W - a potion of invisibility
 Z - 2 potions of haste


   Skills:
 - Level 12.0 Fighting
 - Level 19.0 Axes
 + Level 16.7 Armour
 - Level 15.0 Shields
 - Level 4.0 Invocations
 - Level 7.0 Evocations


You had 15 spell levels left.
You didn't know any spells.

Dungeon Overview and Level Annotations

Branches:
Dungeon (12/15)            Temple (1/1) D:6             Orc (0/4) D:12
   Lair (8/8) D:8           Swamp (5/5) Lair:4       Spider (0/5) Lair:6
  Slime (0/6) Lair:6

Altars:
Ashenzari
Cheibriados
Dithmenos
Elyvilon
Fedhas
Kikubaaqudgha
Makhleb
Nemelex Xobeh
Okawaru
Qazlal
Sif Muna
Trog
Vehumet
Xom
Yredelemnul
Zin
The Shining One
Jiyva

Shops:
D:5 (=[!=   D:10 =

Annotations:
D:6 exclusion: player ghost, Heini's ghost, experienced MiFi
Swamp:5 Lernaean hydra


Innate Abilities, Weirdness & Mutations

You can walk on water.
You have a pair of small horns on your head.
Your mind is acute. (Int +2)


Message History

* * * LOW HITPOINT WARNING * * *
You block the 27-headed Lernaean hydra's attack.
The 27-headed Lernaean hydra bites you.
* * * LOW HITPOINT WARNING * * *
The 27-headed Lernaean hydra closely misses you. x2
The 27-headed Lernaean hydra bites you but does no damage.
The 27-headed Lernaean hydra bites you!
* * * LOW HITPOINT WARNING * * *
The 27-headed Lernaean hydra bites you but does no damage.
The 27-headed Lernaean hydra bites you.
* * * LOW HITPOINT WARNING * * *
The 27-headed Lernaean hydra bites you.
* * * LOW HITPOINT WARNING * * *
The 27-headed Lernaean hydra bites you!
* * * LOW HITPOINT WARNING * * *
The 27-headed Lernaean hydra bites you. Beogh protects you from harm!
The 27-headed Lernaean hydra closely misses you.
The 27-headed Lernaean hydra bites you.
You die...

♣♣♣♣♣≈≈ ♣♣...≈≈≈ ♣♣.§≈≈≈≈.
♣♣♣.≈≈≈≈≈≈§ ♣♣♣..♣♣≈≈≈≈≈≈
♣♣♣♣♣♣♣..≈≈♣≈...≈≈≈
♣≈..♣♣≈.≈≈≈.≈≈≈%≈≈≈
♣♣♣.≈.♣♣§.[≈≈≈%%≈♣♣.≈
♣.<≈@D§.≈%.%%%.#####≈
♣≈§≈§§W§≈..♣%...%.≈##
♣♣♣♣♣§§§≈k.♣♣♣♣#.%...#
♣♣♣..≈.≈§≈≈≈.♣♣♣..%≈≈?.#
♣♣♣≈.≈≈.≈≈≈≈≈≈≈§.♣.#≈.P.[#
♣♣≈.≈≈≈≈≈≈o≈≈≈≈≈§..≈##.P..'
♣♣♣♣♣..≈≈≈≈≈≈≈≈≈≈≈≈≈≈.≈≈≈##...#
♣♣..♣≈≈≈≈≈≈≈≈≈≈≈.o≈≈≈.≈≈≈≈#o≈≈..
♣.≈≈♣..♣≈≈≈≈o.≈≈..≈.)♣≈..≈#.8≈(P


You could see the 27-headed Lernaean hydra, a swamp drake, a shadow, a friendly
orc knight and the friendly Warbeogh the orc high priest.

Vanquished Creatures
  A thorn hunter (Swamp:5)
  Aizul (Swamp:3)
  2 blizzard demons (IceCv)
  A minotaur (Lab)
  The ghost of shackes the Grappler, a powerful TrBe of Trog (D:11)
  8 hydras
  2 centaur warriors
  Erica (D:10)
  4 alligators
  A death yak (Lair:3)
  9 ice devils (IceCv)
  Erolcha (D:12)
  A hill giant (D:12)
  7 swamp dragons
  3 ice statues (IceCv)
  Pikel (D:7)
  A red wasp (Swamp:4)
  A griffon (Lair:8)
  An elephant (Lair:6)
  A gargoyle (D:10)
  A black mamba (Lair:7)
  Sonja (D:10)
  7 spiny frogs
  4 komodo dragons
  A hellwing (Swamp:3)
  5 blue devils
  A yaktaur (shapeshifter) (D:12)
  3 fire drakes
  4 anaconda simulacra (IceCv)
  4 trolls
  2 spriggan druids
  7 giant leeches
  2 yaktaurs (Volcano)
  A two-headed ogre (D:8)
  A jumping spider (Lair:6)
  7 polar bears
  Prince Ribbit (D:9)
  8 ravens
  9 bog bodies
  5 baby alligators
  4 shadows
  8 blink frogs
  15 spriggans
  5 deep elf magi
  6 redbacks
  2 dire elephant simulacra (IceCv)
  3 hippogriffs
  25 yaks
  21 wolves
  16 swamp worms
  8 vampire mosquitoes
  A soldier ant (D:10)
  2 wargs
  9 water moccasins
  Edmund (D:4)
  2 hydra simulacra (IceCv)
  A harpy simulacrum (IceCv)
  9 swamp drakes
  7 porcupines
  A phantom (D:10)
  5 orc warriors
  An ettin simulacrum (IceCv)
  16 ice beasts
  4 yellow wasps
  5 ogres
  4 necrophages (Lair:5)
  2 sky beasts
  6 black bears
  13 centaurs
  A boggart (D:3)
  10 giant frogs
  A boring beetle (Lair:5)
  7 crocodiles
  A wyvern zombie (D:7)
  An insubstantial wisp (Lair:4)
  2 scorpions
  An eye of draining (D:11)
  A tengu zombie (D:11)
  6 electric eels
  7 wights
  4 crimson imps
  A goliath beetle (D:9)
  A centaur zombie (D:5)
  10 hounds
  2 jellies
  2 orc priests
  A black bear zombie (D:6)
  A giant frog skeleton (D:10)
  6 worker ants
  9 iguanas
  5 orc wizards
  An orange rat (D:3)
  A killer bee zombie (D:6)
  Ijyb (D:4)
  Jessica (D:2)
  A crocodile zombie (D:8)
  15 sheep
  A hound skeleton (D:4)
  3 gnolls (D:6)
  10 green rats
  17 adders
  2 white imps (Lair:2)
  A giant mite (D:4)
  8 shadow imps
  5 worms
  An adder zombie (D:5)
  2 iguana skeletons
  An adder skeleton (D:4)
  7 giant geckos
  An ooze (D:1)
  15 orcs
  A bat skeleton (D:7)
  4 giant cockroaches
  12 hobgoblins
  14 jackals
  14 kobolds
  10 quokkas
  15 bats
  A giant gecko zombie (D:5)
  5 giant newts
  12 goblins
  A hobgoblin skeleton (D:4)
  2 kobold skeletons
  An orc skeleton (D:5)
  An orc zombie (D:10)
  13 rats
  A ballistomycete (D:10)
  3 butterflies
  4 fungi
  9 plants
621 creatures vanquished.

Vanquished Creatures (collateral kills)
  Frances (Swamp:3)
  Snorg (Lair:7)
  The ghost of shackes the Severer, a powerful FoFi of Okawaru (D:11)
  12 hydras
  A shambling mangrove (Swamp:4)
  4 alligators
  A centaur warrior (D:12)
  4 death yaks (Lair:3)
  A catoblepas (Lair:5)
  3 skeletal warriors (D:12)
  A swamp dragon (Swamp:5)
  3 ice statues
  2 hill giants (D:11)
  An ugly thing (D:11)
  A griffon (Lair:5)
  A cyclops (D:12)
  5 elephants
  A red wasp (Swamp:4)
  A manticore (D:11)
  A black mamba (Lair:7)
  A gargoyle (D:10)
  An orange demon (Swamp:4)
  A centaur skeleton (D:11)
  Psyche (D:10)
  9 spiny frogs
  2 komodo dragons
  A fire drake (Lair:7)
  A jumping spider (Lair:6)
  2 spriggan druids
  4 polar bears
  4 ravens
  4 bog bodies
  A basilisk (Lair:4)
  6 blink frogs
  A baby alligator (Swamp:3)
  3 redbacks (Lair:8)
  3 spriggans (Lair:8)
  A wraith (D:12)
  14 yaks
  A hungry ghost (D:10)
  12 swamp worms
  16 wolves
  6 vampire mosquitoes
  3 porcupines
  2 swamp drakes (Swamp:5)
  5 water moccasins
  3 yellow wasps
  A spider (Lair:6)
  3 black bears
  4 ice beasts
  An ogre (D:11)
  A necrophage (Lair:5)
  A sky beast (D:10)
  2 centaurs
  A boring beetle (Lair:8)
  A komodo dragon zombie (D:12)
  5 crocodiles
  5 giant frogs
  7 insubstantial wisps
  An electric eel (Lair:1)
  5 hounds
  2 iguanas
  An orc priest (D:10)
  2 orc wizards
  A quasit (D:10)
  4 sheep
  A mummy (D:9)
  5 green rats
  5 adders
  4 orcs (D:10)
  A hobgoblin (D:9)
  2 kobolds
  3 quokkas
  A bush (Lair:5)
  A butterfly (Lair:3)
  5 fungi
  19 plants
249 creatures vanquished.

Vanquished Creatures (others)
  2 orc high priests (Swamp:5)
  3 orc knights
  A sixfirhy (Swamp:5)
  4 orc warriors
  A smoke demon (Lair:2)
  An iron devil (D:12)
  An orange demon (Swamp:1)
  A blue devil (Swamp:5)
  A bog body (Swamp:5)
  A baby alligator (Swamp:3)
  A chaos spawn (Swamp:4)
  A neqoxec (D:12)
  An orc priest (D:12)
  A swamp worm (Swamp:1)
  3 orc wizards
  A giant frog (D:7)
  An adder (D:7)
  12 ufetubi
  5 orcs
  A giant spore (D:10)
  2 fungi
  A plant (Lair:8)
46 creatures vanquished.

Grand Total: 916 creatures vanquished

Notes
Turn   | Place    | Note
--------------------------------------------------------------
     0 | D:1      | ImaNewbie, the Hill Orc Fighter, began the quest for the Orb.
     0 | D:1      | Reached XP level 1. HP: 19/19 MP: 1/1
   191 | D:1      | Reached XP level 2. HP: 26/26 MP: 2/2
   244 | D:1      | Reached skill level 4 in Axes
   843 | D:2      | Reached XP level 3. HP: 16/31 MP: 3/3
  1222 | D:2      | Noticed Jessica
  1240 | D:2      | Killed Jessica
  1240 | D:2      | Reached skill level 5 in Axes
  1289 | D:2      | Reached XP level 4. HP: 39/39 MP: 4/4
  1362 | D:2      | Reached skill level 6 in Axes
  1650 | D:3      | Noticed Sigmund
  2288 | D:2      | Reached XP level 5. HP: 12/45 MP: 5/5
  2641 | D:3      | Noticed Sigmund
  2641 | D:3      | Sigmund changed into Sigmund the centaur
  2642 | D:3      | Noticed Sigmund
  2642 | D:3      | Sigmund the centaur changed into Sigmund the boggart
  2667 | D:3      | Killed Sigmund the boggart
  2667 | D:3      | Reached skill level 7 in Axes
  3035 | D:3      | Reached skill level 8 in Axes
  3035 | D:3      | Reached XP level 6. HP: 47/51 MP: 6/6
  3037 | D:3      | Became a worshipper of Beogh the Brigand
  3109 | D:3      | Gained mutation: You have sharp fingernails. [potion of beneficial mutation]
  3118 | D:3      | Lost mutation: You have sharp fingernails. [potion of cure mutation]
  3678 | D:4      | Reached skill level 9 in Axes
  3953 | D:4      | Found a sparkling altar of Nemelex Xobeh.
  4093 | D:4      | Noticed Ijyb
  4106 | D:4      | Killed Ijyb
  4175 | D:4      | Reached XP level 7. HP: 54/57 MP: 7/7
  4230 | D:4      | Reached skill level 10 in Axes
  4341 | D:4      | Acquired Beogh's first power
  4769 | D:4      | Noticed Edmund
  4786 | D:4      | Killed Edmund
  4914 | D:4      | Reached skill level 11 in Axes
  5059 | D:5      | Entered Level 5 of the Dungeon
  5150 | D:5      | Found Ankoq's Antique Armour Shop.
  5166 | D:5      | Bought a jewelled scale mail for 153 gold pieces
  5177 | D:5      | Identified the +3 scale mail "Tureyger" {Str+4} (You bought it in a shop on level 5 of the Dungeon)
  5211 | D:5      | Found Iliq's Jewellery Emporium.
  5248 | D:5      | Reached XP level 8. HP: 66/66 MP: 8/8
  5485 | D:5      | Found Buerhal's Jewellery Emporium.
  5799 | D:5      | Found Kliwacs' Antique Weapon Emporium.
  6094 | D:5      | Found Kodeamm's Distillery.
  6274 | D:6      | Reached skill level 5 in Fighting
  6435 | D:6      | Reached skill level 5 in Shields
  6453 | D:6      | Noticed Heini's ghost (experienced MiFi)
  6711 | D:6      | Acquired Beogh's second power
  6711 | D:6      | Reached skill level 5 in Armour
  6741 | D:6      | Reached XP level 9. HP: 53/74 MP: 9/9
  6918 | D:6      | Found a staircase to the Ecumenical Temple.
  6923 | D:6      | Found a snail-covered altar of Cheibriados.
  6939 | Temple   | Entered the Ecumenical Temple
  7316 | D:7      | Gained mutation: Space occasionally distorts in your vicinity. [potion of mutation]
  7316 | D:7      | Gained mutation: Your vision is a little blurry. [potion of mutation]
  7316 | D:7      | Gained mutation: You occasionally shout uncontrollably at your foes. [potion of mutation]
  7443 | D:7      | Noticed Pikel
  7672 | D:7      | Killed Pikel
  7672 | D:7      | Reached skill level 12 in Axes
  8152 | D:7      | Lost mutation: Your vision is a little blurry. [potion of cure mutation]
  8152 | D:7      | Lost mutation: You occasionally shout uncontrollably at your foes. [potion of cure mutation]
  8775 | D:8      | Reached XP level 10. HP: 39/86 MP: 10/10
  8915 | D:8      | Acquired Beogh's third power
  9293 | D:8      | Found a staircase to the Lair.
  9702 | D:8      | Reached skill level 13 in Axes
 10673 | D:9      | Noticed Prince Ribbit
 10683 | D:9      | Killed Prince Ribbit
 10750 | D:9      | Found an iron altar of Okawaru.
 10823 | D:9      | Identified a scroll of acquirement
 10826 | D:9      | Got a steaming broad axe
 10827 | D:9      | Identified the +9 broad axe of Gallantry {pain, *Rage Dex+2} (You acquired it on level 9 of the Dungeon)
 11235 | D:10     | Entered Level 10 of the Dungeon
 11239 | D:10     | Noticed a centaur warrior
 11246 | D:10     | Killed a centaur warrior
 11248 | D:10     | Acquired Beogh's fourth power
 11284 | D:10     | Reached XP level 11. HP: 72/97 MP: 11/11
 11361 | D:10     | Gained Warbeogh as an ally
 11722 | D:10     | Noticed Psyche
 11745 | D:10     | Noticed Erica
 11751 | D:10     | Killed Psyche
 11755 | D:10     | Killed Erica
 11797 | D:10     | Noticed Sonja
 11814 | D:10     | Killed Sonja
 12008 | D:10     | Reached skill level 14 in Axes
 12048 | D:10     | Found Voisihee's Jewellery Emporium.
 12094 | D:10     | Reached skill level 10 in Fighting
 12290 | D:10     | Lost mutation: Space occasionally distorts in your vicinity. [potion of cure mutation]
 12291 | D:10     | Gained mutation: You have a pair of small horns on your head. [potion of beneficial mutation]
 12308 | D:10     | Gained Milork as an ally
 12888 | D:5      | Bought the ring "Xamo" {+Blink +Rage rF++ rC+ Dex+3 Int+3} for 640 gold pieces
 13226 | D:11     | Noticed a hill giant
 13231 | D:11     | Killed a hill giant
 13272 | D:11     | Noticed shackes' ghost (powerful FoFi)
 13281 | D:11     | Killed shackes' ghost
 13515 | D:11     | Reached skill level 10 in Shields
 13515 | D:11     | Gained Norbak as an ally
 13531 | D:11     | Noticed a hill giant
 13536 | D:11     | Killed a hill giant
 13869 | D:11     | Noticed shackes' ghost (powerful TrBe)
 13879 | D:11     | Killed shackes' ghost
 13879 | D:11     | Reached XP level 12. HP: 71/108 MP: 12/12
 13961 | D:12     | Noticed Erolcha
 13965 | D:12     | Your ally Milork died
 13978 | D:12     | Reached skill level 10 in Armour
 13980 | D:12     | Acquired Beogh's fifth power
 13995 | D:12     | Killed Erolcha
 13998 | D:12     | Reached skill level 15 in Axes
 14147 | D:12     | Found a white marble altar of Elyvilon.
 14263 | D:12     | Noticed a centaur warrior
 14268 | D:12     | Killed a centaur warrior
 14300 | D:12     | Found a shimmering altar of Xom.
 14485 | D:12     | Found a staircase to the Orcish Mines.
 14641 | D:12     | Found a portal to a secret trove of treasure.
 14646 | D:12     | You paid a toll of 4 scrolls of blinking to enter a treasure trove
 14647 | Trove    | Entered a treasure trove
 15080 | D:12     | Gained Bogbarth as an ally
 15370 | D:10     | Bought the ring "Skuenota" {rElec rPois rC+ Int+3} for 572 gold pieces
 15560 | Lair:1   | Entered Level 1 of the Lair of Beasts
 16261 | Lair:2   | Reached skill level 1 in Invocations
 16318 | Lair:2   | Identified the Volume of Attacks
 16606 | Lair:2   | Reached XP level 13. HP: 116/118 MP: 17/19
 17630 | Lair:3   | Reached skill level 1 in Evocations
 17665 | Lair:3   | Reached skill level 16 in Axes
 18197 | Lair:4   | Found a staircase to the Swamp.
 18818 | Lair:4   | Got a fine arbalest
 19087 | Lair:5   | Got a scintillating lapis lazuli ring
 19109 | Lair:5   | Found a dark tunnel.
 19112 | Lair:5   | Identified the ring "Vuch" {Str+4 Dex+3 Int+4} (You found it on level 5 of the Lair of Beasts)
 19120 | Volcano  | Entered a volcano
 19180 | Volcano  | Identified the +0 arbalest of Merham {elec, rPois Dex+3 Int-3} (You found it on level 4 of the Lair of Beasts)
 20858 | Lair:6   | Reached skill level 5 in Evocations
 21083 | Lair:6   | Found a viscous altar of Jiyva.
 21083 | Lair:6   | Noticed an azure jelly
 21083 | Lair:6   | Noticed an azure jelly
 21083 | Lair:6   | Noticed an azure jelly
 21084 | Lair:6   | Found a staircase to the Slime Pits.
 21084 | Lair:6   | Noticed an azure jelly
 21109 | Lair:6   | Found a hole to the Spider Nest.
 21321 | Lair:6   | You fall through a shaft for 2 floors!
 21321 | Lair:8   | Entered Level 8 of the Lair of Beasts
 21450 | Lair:7   | Gained Berold as an ally
 21486 | Lair:7   | Found a labyrinth entrance.
 21493 | Lair:7   | Reached XP level 14. HP: 117/126 MP: 22/22
 21506 | Lab      | Entered a labyrinth
 22378 | Lair:7   | Reached skill level 17 in Axes
 22451 | Lair:7   | Noticed Snorg
 22457 | Lair:7   | Killed Snorg
 23195 | Lair:8   | Gained mutation: Your mind is acute. (Int +2) [potion of beneficial mutation]
 24594 | Swamp:1  | Entered Level 1 of the Swamp
 24616 | Swamp:1  | Found a frozen archway.
 24681 | Swamp:1  | Reached skill level 18 in Axes
 24713 | IceCv    | Entered an ice cave
 24940 | IceCv    | Reached XP level 15. HP: 113/132 MP: 25/25
 25083 | IceCv    | Gained Gorbash as an ally
 25093 | IceCv    | Your ally Gorbash died
 26137 | IceCv    | Got a twisted spear
 27766 | Swamp:3  | Reached skill level 15 in Shields
 27849 | Swamp:3  | Noticed Aizul
 27855 | Swamp:3  | Reached skill level 19 in Axes
 27872 | Swamp:3  | Killed Aizul
 28239 | Swamp:3  | Noticed Frances
 28257 | Swamp:3  | Killed Frances
 28257 | Swamp:3  | Reached skill level 15 in Armour
 28688 | Swamp:4  | Reached XP level 16. HP: 84/139 MP: 26/26
 29236 | Swamp:5  | Entered Level 5 of the Swamp
 29241 | Swamp:5  | Noticed a thorn hunter
 29249 | Swamp:5  | Killed a thorn hunter
 30030 | Swamp:5  | Noticed the 27-headed Lernaean hydra
 30035 | Swamp:5  | Your ally Bogbarth died
 30036 | Swamp:5  | Your ally Norbak died
 30042 | Swamp:5  | Your ally Berold died
 30047 | Swamp:5  | HP: 2/139 [the 27-headed Lernaean hydra (12)]
 30047 | Swamp:5  | Beogh protects you from harm!
 30047 | Swamp:5  | Slain by the 27-headed Lernaean hydra

Action                   |  1- 3 |  4- 6 |  7- 9 | 10-12 | 13-15 | 16-18 || total
-------------------------+-------+-------+-------+-------+-------+-------++-------
Melee: War axe           |   110 |   222 |   437 |   102 |       |       ||   871
       Broad axe         |       |       |       |   307 |   872 |   107 ||  1286
Invok: Convert to Beogh  |       |     1 |       |       |       |       ||     1
       Recall Orcish Fol |       |       |       |     5 |    12 |     4 ||    21
       Give Item to Name |       |       |       |     1 |     3 |       ||     4
       Smiting           |       |       |       |       |     3 |       ||     3
 Abil: Evoke Berserk Rag |       |       |       |       |     1 |       ||     1
Evoke: Wand              |       |     3 |     3 |     3 |     4 |     1 ||    14
  Use: Scroll            |       |     9 |     3 |     4 |    17 |     1 ||    34
       Potion            |       |     4 |     6 |     6 |     5 |       ||    21
 Stab: Distracted        |       |       |       |     2 |    19 |     2 ||    23
       Fleeing           |       |       |       |       |     1 |       ||     1
       Confused          |       |       |       |       |     1 |       ||     1
  Eat: Chunk             |     1 |    10 |    12 |    23 |    35 |     5 ||    86
       Royal jelly       |       |       |     1 |       |     2 |       ||     3
       Fruit             |       |       |       |     4 |     1 |       ||     5
